Map: Zen LE

Players

antagomiR - Winner!

  • Race: Protoss Protoss
  • League: Gold
  • Spawn Location: 7:00

alwaysm

  • Race: Protoss Protoss
  • Spawn Location: 1:00

VOD

Have the link to the VOD?

Description

Time

  • Played on: April 11, 2020, 1:41 p.m.
  • Length: 18:18
Show
View Real Time Build Order
Export as new Build Order

antagomiR Protoss - Winner!

Build Orders:  

Get SALT Encoding   

  12  0:01  Probe  
  13  0:13  Probe  
  14  0:18  Pylon  
  14  0:25  Probe  
  15  0:39  Probe, Gateway  
  16  0:51  Probe  
  16  0:54  Assimilator  
  17  1:03  Probe  
  18  1:15  Probe, Assimilator  
  19  1:27  Cybernetics Core  
  19  1:28  Probe  
  20  1:41  Probe  
  21  1:50  Warp Gate (Chrono Boost)  
  21  1:53  Probe  
  22  2:13  Pylon  
  22  2:27  Robotics Facility  
  23  2:30  Probe (Chrono Boost), Stalker  
  25  2:40  Probe (Chrono Boost)  
  26  2:47  Nexus  
  26  2:55  Probe  
  26  3:07  Probe  
  26  3:16  Observer  
  26  3:19  Probe  
  28  3:24  Gateway  
  28  3:31  Probe  
  29  3:42  Pylon  
  29  3:43  Probe  
  29  3:48  Gateway  
  30  3:52  Twilight Council  
  31  3:55  Probe  
  31  3:58  Immortal  
  31  4:02  Probe  
  36  4:06  Stalker  
  36  4:07  Probe  
  39  4:14  Probe  
  40  4:17  Shield Battery  
  40  4:19  Probe  
  40  4:22  Stalker  
  43  4:28  Pylon  
  43  4:29  Probe  
  44  4:32  Probe  
  45  4:40  Assimilator  
  45  4:52  Probe x2  
  47  4:58  Blink (Chrono Boost)  
  47  5:00  Assimilator  
  47  5:04  Probe x2  
  49  5:15  Templar Archives  
  49  5:16  Probe, Pylon, Observer  
  49  5:19  Immortal (Chrono Boost)  
  54  5:40  Probe x2  
  56  5:51  Observer  
  56  5:52  Probe x2  
  59  6:04  Probe x2  
  59  6:09  Forge  
  61  6:12  Forge  
  61  6:16  Probe x2  
  63  6:18  Pylon  
  63  6:25  Immortal  
  67  6:27  Stalker  
  67  6:28  Probe  
  70  6:36  Probe  
  71  6:41  Sentry x2  
  71  6:45  Probe  
  76  6:48  Probe  
  77  6:58  Nexus  
  77  7:02  Pylon  
  77  7:04  Pylon  
  77  7:06  Protoss Ground Weapons Level 1 (Chrono Boost)  
  77  7:07  Protoss Ground Armor Level 1 (Chrono Boost)  
  77  7:11  Pylon  
  77  7:15  Probe  
  78  7:20  Probe  
  78  7:27  Probe  
  78  7:29  Stalker x3  
  85  7:41  Gateway  
  85  7:42  Gateway  
  85  7:47  Gateway  
  85  7:48  Gateway  
  85  7:49  Gateway  
  85  7:52  Gateway  
  85  7:53  Gateway  
  85  7:59  Gateway  
  85  8:02  Shield Battery x2  
  85  8:12  Shield Battery  
  85  8:13  Probe, Shield Battery  
  85  8:14  Probe x2, Photon Cannon  
  85  8:16  Photon Cannon, Stalker  
  85  8:17  Stalker  
  92  8:25  Probe  
  92  8:26  Probe  
  92  8:28  Stalker  
  92  8:38  Probe x3  
  95  8:42  Immortal  
  95  8:44  Assimilator  
  95  8:46  Assimilator  
  99  9:07  Stalker x2  
  99  9:08  Stalker  
  105  9:11  Probe x3  
  105  9:12  Protoss Ground Weapons Level 2 (Chrono Boost)  
  105  9:14  Protoss Ground Armor Level 2 (Chrono Boost)  
  108  9:23  Probe x2  
  110  9:27  High Templar x3  
  116  9:39  Pylon  
  116  9:41  Pylon  
  116  9:42  Pylon  
  116  9:43  Pylon  
  116  9:44  Photon Cannon  
  116  9:48  Photon Cannon  
  116  9:51  Photon Cannon  
  116  9:52  Photon Cannon  
  116  9:54  Archon  
  116  9:59  High Templar  
  118  10:00  High Templar x4  
  118  10:01  High Templar x2  
  118  10:04  Archon x2  
  118  10:05  Archon x2  
  130  10:09  Immortal  
  134  10:21  Zealot x3  
  140  10:36  Probe x3  
  140  10:39  High Templar x3  
  149  10:53  Archon  
  149  11:00  Probe  
  148  11:07  Pylon  
  148  11:10  Pylon  
  148  11:12  Pylon  
  148  11:19  Pylon  
  148  11:20  Pylon  
  148  11:22  Pylon  
  148  11:24  Nexus  
  148  11:25  Immortal  
  152  11:26  Pylon  
  152  11:28  Pylon  
  142  12:11  Zealot x4  
  142  12:12  Stalker  
  142  12:13  Stalker x2  
  142  12:14  Stalker x2  
  142  12:15  Stalker  
  154  12:41  Probe  
  154  12:42  Probe x2  
  157  12:44  Pylon  
  157  12:46  Pylon  
  157  12:50  Shield Battery  
  157  12:53  Probe, High Templar, Assimilator  
  157  12:54  High Templar x5  
  157  12:55  High Templar x4  
  157  12:56  High Templar  
  157  12:57  Assimilator  
  180  12:58  Archon x2  
  180  12:59  Archon x2  
  180  13:00  Archon  
  180  13:01  Pylon  
  180  13:44  Gateway x2  
  180  13:46  Gateway  
  180  13:48  Protoss Ground Weapons Level 3 (Chrono Boost), Gateway  
  180  13:51  Gateway, Protoss Ground Armor Level 3 (Chrono Boost)  
  180  13:59  Photon Cannon  
  180  14:01  Photon Cannon  
  180  14:10  High Templar  
  180  14:11  High Templar x5  
  180  14:12  High Templar  
  180  14:15  Archon  
  194  14:17  Immortal  
  194  14:21  Archon  
  194  14:22  Archon  
  194  14:23  Archon  
  198  14:56  Warp Prism  
  187  16:54  Pylon  
  187  16:55  Pylon  
  187  16:56  Pylon  
  187  16:58  Pylon  
  187  17:04  Pylon  
  94  18:16  Pylon  
Show
View Real Time Build Order
Export as new Build Order

alwaysm Protoss 

Build Orders:  

Get SALT Encoding   

  12  0:02  Probe  
  13  0:17  Pylon  
  13  0:30  Probe  
  14  0:35  Gateway  
  14  0:41  Assimilator  
  14  0:42  Probe  
  15  0:54  Probe  
  16  1:06  Probe  
  16  1:10  Pylon  
  17  1:18  Probe  
  18  1:22  Zealot (Chrono Boost)  
  20  2:17  Cybernetics Core  
  22  2:22  Zealot  
  22  2:29  Gateway  
  23  2:30  Probe  
  23  2:35  Assimilator  
  23  2:42  Probe  
  24  2:54  Probe, Warp Gate  
  24  2:57  Gateway  
  25  3:06  Robotics Facility  
  25  3:20  Stalker x2  
  25  3:25  Probe  
  30  3:36  Nexus  
  30  3:37  Probe  
  31  3:55  Pylon  
  31  4:05  Pylon  
  31  4:13  Stalker x3  
  37  4:24  Stargate  
  37  4:33  Probe  
  37  4:37  Gateway  
  39  4:45  Probe  
  39  5:10  Stalker x3  
  39  5:12  Probe  
  39  5:13  Pylon  
  46  5:19  Probe  
  47  5:24  Probe  
  48  5:31  Probe  
  49  5:36  Probe  
  50  5:43  Probe  
  50  5:49  Twilight Council  
  52  5:56  Stalker x2  
  55  5:57  Stalker  
  55  5:59  Stalker  
  59  6:10  Probe x2  
  61  6:15  Oracle  
  64  6:22  Probe  
  64  6:23  Stalker  
  67  6:28  Stalker  
  69  6:46  Assimilator  
  69  6:48  Probe, Assimilator  
  70  6:55  Pylon  
  70  6:57  Pylon  
  70  7:09  Pylon  
  70  7:13  Probe  
  70  7:14  Stalker x3  
  77  7:17  Stalker  
  79  7:25  Probe  
  80  7:47  Stalker x3  
  80  7:48  Stalker  
  88  7:55  Gateway  
  88  7:59  Probe  
  89  8:11  Probe  
  90  8:24  Probe  
  73  8:36  Probe  
  71  8:42  Stalker x4  
  71  8:48  Probe  
  68  9:13  Stalker x3  
  68  9:14  Stalker  
  76  9:23  Gateway  
  76  9:26  Gateway  
  76  9:38  Nexus  
  76  9:48  Pylon  
  76  9:49  Pylon  
  76  9:52  Stalker x4  
  84  10:01  Stalker  
  86  10:08  Probe  
  87  10:19  Assimilator  
  87  10:20  Probe  
  88  10:27  Warp Prism  
  90  10:31  Blink (Chrono Boost)  
  90  10:32  Probe  
  91  10:38  Stalker  
  93  11:00  Probe  
  94  11:09  Stalker x3  
  100  11:12  Probe  
  101  11:24  Probe  
  102  11:29  Probe x2  
  104  11:36  Probe  
  104  11:37  Stalker x3  
  111  11:41  Probe x2  
  101  11:48  Probe  
  101  11:53  Probe  
  101  11:54  Probe  
  96  12:34  Stalker x4  
  96  12:35  Stalker x3  
  110  12:56  Probe x3  
  113  13:00  Assimilator  
  113  13:07  Gateway  
  113  13:08  Probe x2  
  113  13:09  Probe, Gateway  
  116  13:32  Pylon  
  116  13:33  Pylon x2  
  116  13:35  Pylon  
  116  13:57  Stalker x2  
  116  13:58  Stalker x3  
  116  13:59  Stalker  
  116  14:00  Stalker  
  130  14:07  Stalker x2  
  134  14:50  Stalker x2  
  134  14:51  Stalker x3  
  134  14:52  Stalker x2  
  148  15:08  Stalker  
  127  15:53  Nexus  
  119  16:04  Pylon  
  119  16:06  Pylon  
  119  16:08  Pylon  
  119  16:10  Pylon  
  119  16:16  Pylon  
  119  16:18  Pylon  
  119  16:19  Pylon  
  119  16:21  Pylon  
  81  18:01  Nexus  
Tags
 
League
Gold
Matchup
PvP
Replay Pack
20200422
Spawn Locations
Cross Positions
Add a new tag
Caveats
  • Supply blocks, unpowered buildings, or Contaminate may cause inaccurate times.
  • Supply counts are checked every 10 seconds.